Map: Orbital Shipyard

Players

Shura (Scarlett) - Winner!

  • Race: Zerg Zerg
  • League: Grandmaster

Harstem

  • Race: Protoss Protoss

Event: NationWars III

VOD

Have the link to the VOD?

Description

Time

  • Played on: Dec. 10, 2015, 3:20 p.m.
  • Length: 16:53

All games in this series

Show
View Real Time Build Order
Export as new Build Order

Shura Zerg - Winner!

Build Orders: Hatch First, Lurkers 

Get SALT Encoding   

  12  0:01  Drone  
  13  0:13  Overlord  
  13  0:17  Drone  
  14  0:32  Drone x2  
  16  0:36  Drone  
  17  0:46  Drone  
  18  0:54  Hatchery  
  17  0:57  Drone  
  18  1:08  Drone  
  19  1:14  Spawning Pool  
  19  1:17  Drone  
  19  1:25  Extractor  
  18  1:28  Drone  
  19  1:39  Overlord  
  19  1:51  Drone  
  20  2:01  Queen  
  20  2:02  Zergling x2  
  20  2:06  Queen  
  20  2:07  Drone  
  26  2:12  Drone  
  27  2:21  Drone  
  28  2:28  Metabolic Boost  
  28  2:33  Drone  
  28  2:34  Hatchery, Drone x2  
  30  2:43  Queen  
  32  2:45  Drone  
  32  2:49  Overlord  
  33  2:53  Drone  
  33  2:55  Drone  
  35  3:04  Drone  
  36  3:10  Zergling x4  
  36  3:11  Zergling x2  
  36  3:12  Drone x2  
  41  3:13  Queen  
  41  3:15  Drone  
  44  3:23  Drone  
  41  3:34  Drone  
  41  3:35  Drone  
  41  3:38  Drone  
  43  3:49  Drone x3  
  43  3:50  Drone x3  
  43  3:54  Lair  
  49  3:56  Spore Crawler, Drone  
  49  3:59  Overlord  
  49  4:01  Spore Crawler  
  48  4:07  Overlord, Drone  
  49  4:11  Extractor  
  49  4:15  Drone x2  
  49  4:21  Drone x5  
  49  4:22  Extractor  
  54  4:25  Overlord  
  54  4:27  Drone x4  
  58  4:33  Drone x2  
  60  4:39  Overlord  
  60  4:41  Drone x2  
  62  4:46  Overlord  
  62  4:54  Drone x2  
  62  4:57  Evolution Chamber, Hydralisk Den  
  62  4:59  Drone x2  
  64  5:00  Drone  
  64  5:01  Drone x2  
  64  5:05  Extractor  
  64  5:06  Drone  
  68  5:07  Drone x3  
  68  5:08  Drone x3  
  73  5:19  Overseer  
  73  5:20  Drone x3  
  76  5:22  Extractor  
  76  5:24  Zerg Missile Weapons Level 1, Extractor  
  76  5:25  Hydralisk  
  76  5:31  Hydralisk x4  
  84  5:39  Overlord x3  
  84  5:40  Hydralisk x2  
  89  5:42  Drone  
  89  5:43  Drone  
  90  5:53  Hatchery  
  88  6:05  Drone x2  
  88  6:06  Drone  
  88  6:10  Drone x2, Spire, Muscular Augments  
  88  6:11  Drone x3  
  93  6:12  Drone  
  93  6:15  Drone x2  
  98  6:26  Drone  
  98  6:27  Drone  
  98  6:29  Queen  
  98  6:30  Hydralisk x5  
  112  6:38  Extractor  
  112  6:39  Zergling x6  
  114  6:40  Overlord, Extractor  
  114  6:41  Overlord x2  
  114  6:42  Overlord x2  
  114  6:43  Overlord  
  113  6:49  Infestation Pit  
  112  6:57  Drone x2  
  114  7:02  Drone  
  115  7:10  Overlord x2  
  115  7:11  Hydralisk x2  
  115  7:12  Zergling x14  
  125  7:19  Zerg Ground Armor Level 1  
  125  7:25  Mutalisk, Lurker Den  
  125  7:26  Mutalisk x4  
  125  7:28  Hydralisk x2  
  125  7:29  Zergling x4  
  141  7:33  Hydralisk  
  141  7:35  Spine Crawler  
  141  7:36  Spine Crawler, Zergling x4  
  143  7:50  Overlord x2  
  142  7:52  Zerg Flyer Weapons Level 1  
  142  8:01  Drone  
  142  8:02  Drone x5  
  142  8:05  Mutalisk x6  
  160  8:14  Hive  
  160  8:27  Mutalisk x3  
  160  8:30  Zergling x22  
  160  8:31  Hatchery  
  176  8:38  Mutalisk x3  
  182  8:44  Extractor  
  181  8:49  Extractor  
  181  8:51  Mutalisk x2  
  181  8:53  Mutalisk  
  186  8:55  Drone  
  186  8:56  Drone x5  
  186  8:59  Spine Crawler x2  
  186  9:02  Spore Crawler  
  189  9:04  Mutalisk x2  
  189  9:07  Spore Crawler  
  189  9:20  Mutalisk  
  184  9:31  Viper x2  
  184  9:35  Zerg Melee Weapons Level 1  
  184  9:38  Evolution Chamber  
  189  9:52  Zerg Flyer Weapons Level 2  
  189  9:54  Ultralisk Cavern  
  189  9:56  Viper  
  189  9:59  Spine Crawler  
  190  10:00  Spore Crawler  
  190  10:01  Spine Crawler  
  190  10:06  Viper  
  187  10:10  Mutalisk  
  192  10:15  Zerg Ground Armor Level 2  
  192  10:24  Mutalisk x2  
  185  10:39  Hydralisk  
  185  10:40  Hydralisk x8  
  172  10:42  Zergling x2  
  172  10:43  Zergling x46  
  172  10:44  Zergling x12  
  187  11:05  Lurker  
  187  11:06  Lurker x5  
  187  11:09  Lurker  
  187  11:11  Hydralisk x2  
  194  11:18  Spine Crawler  
  193  11:19  Spine Crawler  
  187  11:30  Mutalisk x5  
  190  11:34  Mutalisk  
  190  11:36  Zergling x2  
  190  11:37  Zergling x30  
  184  11:43  Mutalisk  
  184  11:44  Mutalisk  
  184  11:46  Mutalisk  
  168  11:50  Mutalisk  
  168  11:52  Extractor  
  168  11:53  Drone x4  
  175  11:58  Zerg Melee Weapons Level 2  
  175  12:01  Chitinous Plating  
  175  12:24  Ultralisk x2  
  175  12:25  Zergling x2  
  175  12:26  Zergling x22  
  199  12:36  Zergling x8  
  200  12:46  Zerg Flyer Armor Level 1  
  200  12:48  Zerg Ground Armor Level 3  
  200  13:06  Adrenal Glands  
  192  13:14  Spore Crawler x2  
  192  13:16  Ultralisk x2  
  196  13:22  Spore Crawler  
  196  13:23  Drone  
  196  13:24  Drone x5  
  182  13:48  Ultralisk  
  182  13:49  Ultralisk  
  182  13:54  Zergling x4  
  182  13:55  Zergling x8  
  188  14:15  Hatchery, Zerg Melee Weapons Level 3  
  187  14:21  Lurker  
  187  14:22  Lurker x3  
  187  14:24  Zergling x18  
  194  15:06  Zergling x12  
  194  15:15  Zergling x6  
  194  15:16  Zergling x6  
  189  15:30  Zergling x20  
  189  15:31  Zergling x2  
  194  15:42  Ultralisk x3, Hydralisk x8  
  170  15:50  Hydralisk  
  170  15:51  Hydralisk  
  170  15:52  Hydralisk  
  170  15:53  Hydralisk x2  
  170  15:54  Hydralisk x4  
  184  16:12  Drone x3  
  184  16:15  Lurker x5  
  192  16:21  Hydralisk x3  
Show
View Real Time Build Order
Export as new Build Order

Harstem Protoss 

Build Orders: 1 Gate Expand 

Get SALT Encoding   

  12  0:01  Probe (Chrono Boost)  
  13  0:12  Probe (Chrono Boost)  
  14  0:18  Pylon  
  14  0:22  Probe (Chrono Boost)  
  15  0:36  Probe (Chrono Boost)  
  15  0:39  Gateway  
  16  0:47  Probe (Chrono Boost)  
  17  0:58  Probe (Chrono Boost)  
  18  1:12  Nexus  
  18  1:15  Probe (Chrono Boost)  
  19  1:25  Gateway  
  19  1:31  Assimilator  
  19  1:40  Cybernetics Core  
  19  1:42  Probe (Chrono Boost)  
  20  1:52  Pylon  
  20  1:53  Probe (Chrono Boost)  
  21  1:57  Assimilator  
  21  2:03  Probe (Chrono Boost)  
  22  2:14  Probe (Chrono Boost)  
  23  2:18  Adept x2  
  27  2:24  Probe (Chrono Boost)  
  27  2:25  Probe (Chrono Boost)  
  27  2:28  Warp Gate  
  29  2:35  Probe x2 (Chrono Boost)  
  31  2:45  Probe (Chrono Boost), Adept  
  31  2:46  Probe (Chrono Boost)  
  35  2:52  Sentry  
  35  2:56  Probe (Chrono Boost)  
  38  3:01  Probe (Chrono Boost), Pylon  
  39  3:07  Probe (Chrono Boost)  
  39  3:12  Probe (Chrono Boost)  
  41  3:17  Probe (Chrono Boost)  
  42  3:22  Probe (Chrono Boost)  
  43  3:29  Probe (Chrono Boost)  
  43  3:33  Mothership Core (Chrono Boost)  
  46  3:40  Probe (Chrono Boost)  
  43  3:44  Sentry  
  43  3:45  Adept, Nexus  
  43  3:47  Pylon  
  47  3:50  Probe (Chrono Boost), Pylon  
  47  3:53  Probe (Chrono Boost)  
  49  4:01  Probe (Chrono Boost)  
  50  4:03  Phoenix  
  50  4:05  Probe (Chrono Boost)  
  51  4:11  Probe (Chrono Boost)  
  51  4:15  Gateway, Forge  
  51  4:16  Probe (Chrono Boost)  
  53  4:21  Assimilator  
  53  4:22  Probe (Chrono Boost)  
  54  4:26  Twilight Council, Probe (Chrono Boost), Assimilator  
  55  4:32  Probe (Chrono Boost)  
  55  4:34  Sentry, Adept  
  55  4:37  Probe (Chrono Boost)  
  61  4:39  Gateway  
  61  4:42  Protoss Ground Weapons Level 1 (Chrono Boost)  
  61  4:43  Probe (Chrono Boost)  
  62  4:46  Gateway  
  62  4:48  Probe (Chrono Boost)  
  62  4:52  Probe (Chrono Boost)  
  63  4:53  Pylon  
  63  4:58  Probe  
  63  4:59  Probe  
  66  5:01  Adept  
  66  5:02  Probe  
  66  5:04  Resonating Glaives (Chrono Boost)  
  66  5:05  Photon Cannon  
  69  5:11  Adept  
  69  5:14  Probe  
  71  5:15  Probe  
  71  5:17  Probe  
  71  5:20  Robotics Facility  
  74  5:22  Adept  
  74  5:24  Probe  
  74  5:27  Probe  
  78  5:31  Probe  
  78  5:34  Adept  
  78  5:35  Probe  
  81  5:38  Pylon  
  81  5:39  Probe  
  81  5:40  Assimilator  
  83  5:44  Probe  
  83  5:46  Probe  
  85  5:51  Assimilator  
  85  5:52  Adept x4  
  85  5:55  Pylon  
  93  6:01  Probe  
  93  6:02  Probe  
  95  6:05  Probe  
  95  6:08  Observer (Chrono Boost)  
  95  6:10  Gateway  
  97  6:12  Gateway  
  97  6:13  Robotics Bay  
  97  6:14  Pylon  
  97  6:19  Probe  
  97  6:20  Adept  
  97  6:23  Pylon  
  97  6:25  Pylon  
  100  6:26  Stalker x3  
  100  6:29  Protoss Ground Weapons Level 2  
  100  6:32  Observer (Chrono Boost)  
  107  6:37  Robotics Facility  
  107  6:40  Phoenix  
  107  6:43  Stalker  
  107  6:44  Stalker  
  111  6:51  Stargate  
  111  6:53  Pylon  
  111  6:54  Pylon  
  111  6:58  Probe, Blink (Chrono Boost)  
  111  6:59  Disruptor (Chrono Boost)  
  115  7:02  Stalker  
  115  7:07  Nexus  
  117  7:09  Stalker x2  
  117  7:15  Pylon  
  121  7:18  Pylon  
  121  7:23  Stalker x3  
  127  7:37  Disruptor  
  127  7:39  Probe, Photon Cannon  
  127  7:43  Probe, Phoenix  
  133  7:46  Pylon  
  133  7:49  Probe  
  133  7:50  Photon Cannon  
  135  7:54  Probe, Stargate  
  135  7:56  Photon Cannon  
  135  7:58  Stalker x4  
  144  8:09  Photon Cannon  
  144  8:11  Phoenix (Chrono Boost)  
  146  8:15  Stalker x2  
  150  8:22  Probe  
  150  8:23  Probe  
  150  8:25  Probe, Pylon  
  150  8:26  Probe  
  153  8:32  Protoss Air Weapons Level 1  
  156  8:34  Phoenix (Chrono Boost)  
  156  8:37  Pylon  
  156  8:40  Phoenix (Chrono Boost), Assimilator  
  158  8:44  Assimilator  
  158  8:46  Probe  
  157  8:54  Probe  
  158  8:56  Fleet Beacon  
  158  8:58  Phoenix (Chrono Boost)  
  158  8:59  Photon Cannon  
  158  9:00  Probe x3  
  165  9:04  Phoenix (Chrono Boost), Photon Cannon  
  165  9:05  Probe  
  164  9:24  Phoenix (Chrono Boost)  
  160  9:27  Phoenix (Chrono Boost)  
  160  9:29  Probe  
  160  9:30  Probe  
  163  9:33  Stargate  
  164  9:41  Anion Pulse-Crystals (Chrono Boost)  
  164  9:42  Protoss Ground Weapons Level 3 (Chrono Boost)  
  164  9:43  Probe  
  164  9:45  Stalker x3  
  171  9:46  Phoenix (Chrono Boost)  
  171  9:49  Phoenix (Chrono Boost)  
  175  9:53  Photon Cannon  
  175  9:56  Photon Cannon  
  175  9:57  Photon Cannon  
  175  9:59  Stalker x2  
  179  10:00  Stalker x2  
  179  10:05  Photon Cannon  
  183  10:08  Phoenix (Chrono Boost)  
  183  10:12  Stalker x3, Photon Cannon  
  191  10:15  Pylon  
  191  10:22  Robotics Facility  
  191  10:24  Phoenix  
  191  10:25  Adept x4  
  199  10:34  Probe  
  200  10:38  Protoss Air Weapons Level 2 (Chrono Boost)  
  200  10:42  Immortal (Chrono Boost)  
  194  10:43  Nexus  
  194  10:46  Pylon  
  194  10:47  Pylon  
  194  11:06  Adept  
  194  11:08  Nexus  
  195  11:17  Phoenix  
  195  11:18  Phoenix  
  195  11:23  Stalker x3  
  195  11:24  Stalker x2  
  197  11:28  Phoenix  
  173  11:42  Stalker x2, Phoenix  
  161  11:49  Probe  
  161  11:50  Probe  
  161  11:52  Probe  
  166  12:01  Phoenix  
  166  12:02  Phoenix  
  166  12:06  Disruptor (Chrono Boost)  
  166  12:07  Phoenix  
  166  12:08  Disruptor (Chrono Boost)  
  174  12:12  Adept x4  
  174  12:13  Adept x2  
  174  12:15  Protoss Ground Armor Level 1  
  186  12:22  Pylon  
  186  12:24  Pylon  
  186  12:38  Disruptor (Chrono Boost)  
  186  12:41  Probe  
  186  12:42  Disruptor (Chrono Boost)  
  193  12:46  Templar Archives  
  193  12:48  Assimilator  
  193  12:53  Assimilator  
  193  12:57  Probe, Photon Cannon  
  192  12:59  Photon Cannon  
  192  13:02  Photon Cannon  
  192  13:09  Disruptor (Chrono Boost)  
  193  13:15  Disruptor (Chrono Boost)  
  197  13:42  Immortal (Chrono Boost)  
  197  13:44  Psionic Storm  
  189  13:52  Immortal (Chrono Boost)  
  190  13:59  High Templar x3  
  190  14:01  Probe  
  169  14:10  Photon Cannon  
  169  14:12  Nexus, Photon Cannon  
  169  14:14  Pylon, High Templar  
  169  14:15  Immortal, Pylon, High Templar x3  
  169  14:16  Assimilator  
  177  14:18  Assimilator  
  177  14:19  Gateway  
  177  14:20  Gateway  
  177  14:22  Archon x2  
  177  14:23  Gateway, Photon Cannon  
  181  14:26  Pylon  
  181  14:27  Gateway  
  181  14:28  Probe, Gateway  
  182  14:31  Immortal  
  186  14:41  Carrier (Chrono Boost)  
  192  14:49  Immortal  
  188  14:53  Stalker x3  
  188  14:54  Stalker  
  197  15:05  Adept x2  
  199  15:16  Observer  
  187  15:23  Immortal  
  177  15:30  Stalker x4  
  177  15:31  Stalker x6  
  193  15:37  Immortal  
  175  15:57  Phoenix (Chrono Boost)  
  179  15:58  Phoenix (Chrono Boost)  
  179  15:59  Stalker, Observer  
  179  16:00  Adept x4  
  190  16:10  Phoenix (Chrono Boost)  
  188  16:19  Phoenix (Chrono Boost)  
  188  16:23  Phoenix (Chrono Boost)  
Tags
 
Add a new tag
Caveats
  • Supply blocks, unpowered buildings, or Contaminate may cause inaccurate times.
  • Supply counts are checked every 10 seconds.